Unix NetHack Version 5.0.0-0 post-release - last build Jul 19 2026 19:10:59 (3aa4ab31751d3886436d94b585a96704892fd477,branch:main).

Game began 2026-07-30 13:03:43, ended 2026-07-30 13:34:50.

Fendoran, chaotic male dwarven Archeologist

                  -----    ----------                         -----------
                  |!?[|    |........|                 ^       |......)..|
                  |!*?|    |........|          ------...#%####....<.....|
                  |[))|    |........|  ##     #|......`|     #|.........|
                  |[![|    |........|   ##    #........|     #-----------
                  |!?/|   #..........#####%####..)%.....######
                  |a@.|   #.---------   ###   #|......(.#  ##
                   -@-    #             ###    ---------# ##
       ----         uu#######           # #        #    # #
       |..|         #    ##           ##########[####   # #
       |...###############             #  #####     #######
       ----         #  #               #     ##     -----##########
                    #     -------------#      #    #|...|### -----.----
                    #     |...........|#     #######|..>|# % |%.......|
                  --.--   |...........|#           #|...|# # |.....>..|
                  |...|## |...........|#           #....-# # |...`....|
                  |...-###............-#            -.---####-......(.|
                  |...|   -------------#                     ----------
                  -----

Fendoran the Field Worker  St:14 Dx:10 Co:13 In:16 Wi:16 Ch:8  Chaotic
Dlvl:4  $:2592 HP:0(42) Pw:13(13) AC:1  Xp:5 T:2543  Burdened

Latest messages:
 In what direction? 4
 You flick your bullwhip towards the goblin.
 You kill the goblin!
 The pony kicks!
 The pony misses!
 The pony strikes at thin air!
 What do you want to use or apply? [ae-km-pu-w or ?*] a
 In what direction? 3
 You flick your bullwhip towards the pony.
 You miss the pony.
 The pony misses!
 The pony misses!
 The pony kicks!
 The pony misses!
 The pony misses!
 The pony misses!
 What do you want to remove? [*] *
 You can't.  It is cursed.
 What do you want to drink? [kt or ?*] t
 You feel more experienced.
 Welcome to experience level 5.
 You feel stealthy!
 Are you sure you want to pray? [yn] (n) y
 You begin praying to Huhetotl.
 You are surrounded by a shimmering light.
 You finish your prayer.
 You feel that Huhetotl is well-pleased.
 Your cloak of invisibility softly glows amber.
 What do you want to take off? [HQRU or ?*] R
 Suddenly you can see yourself.
 You were wearing an uncursed +0 cloak of invisibility.
 The pony kicks!
 The pony misses!
 "Hello, Fendoran!  Welcome to Bordeyri's general store!"
 "Will you please leave your pick-axe outside?"
 The pony kicks!
 The pony bites!
 You do not owe Bordeyri anything.
 The pony kicks!
 The pony misses!
 The giant ant bites!
 The giant ant bites!
 The pony kicks!
 You die...
 Bordeyri gratefully inherits all your possessions.
 Do you want to see what you had when you died? [ynq] (y) y
 Do you want to see your attributes? [ynq] (y) y
 Do you want an account of creatures vanquished? [ynaq] (y) y
 Do you want to see your conduct and achievements? [ynq] (y) y
 Do you want to see the dungeon overview? [ynq] (y) q

Inventory:
 Coins    ('$')
  $ - 2592 gold pieces
 Amulets  ('"')
  y - an uncursed amulet of restful sleep
  s - an uncursed amulet versus poison
 Weapons  (')')
  a - a +2 bullwhip (weapon in right hand)
 Armor    ('[')
  U - a cursed -1 helm of opposite alignment (being worn)
  H - an uncursed +0 pair of water walking boots (being worn)
  Q - an uncursed +0 shield of reflection (being worn)
  R - an uncursed +0 cloak of invisibility
  b - an uncursed +0 dwarvish mithril-coat (being worn)
 Comestibles  ('%')
  d - 5 uncursed food rations
 Spellbooks  ('+')
  w - an uncursed spellbook of cure sickness
  v - an uncursed spellbook of healing
  u - a cursed spellbook of healing
  o - an uncursed spellbook of light
 Potions  ('!')
  k - a cursed potion of oil
 Rings    ('=')
  r - a cursed +1 ring of increase accuracy
 Wands    ('/')
  p - a wand of light (0:14)
  m - a cursed wand of magic missile (0:7)
  n - a wand of sleep (0:7)
 Tools    ('(')
  h - an empty uncursed sack
  j - an uncursed figurine of a giant mimic
  i - an uncursed oil lamp
  e - a +0 pick-axe
  f - a tinning kit (0:92)
 Gems/Stones  ('*')
  g - an uncursed touchstone

Fendoran the Archeologist's attributes:

Background:
 You were a Field Worker, a level 5 male dwarven Archeologist.
 You were chaotic, temporarily on a mission for Huhetotl
 who was opposed by Quetzalcoatl (lawful) and Camaxtli (neutral).
 You were actually lawful.
 You were right-handed.
 You were in the Dungeons of Doom, on level 4.
 You entered the dungeon 2543 turns ago.
 There was a full moon in effect when your adventure ended.
 You had 160 experience points, 160 more were needed to attain level 6.

Basics:
 You had 0 out of 42 hit points.
 You had all 13 energy points (spell power).
 Your armor class was 1.
 Your wallet contained 2592 zorkmids.
 Autopickup was off.

Final Characteristics:
 Your strength was 14 (limit:18/100).
 Your dexterity was 10 (limit:20).
 Your constitution was 13 (limit:20).
 Your intelligence was 16 (limit:16).
 Your wisdom was 16 (limit:16).
 Your charisma was 8 (limit:16).

Final Status:
 You weren't hungry.
 You were burdened; movement was slightly slowed.
 You were wielding a whip.
 You had basic skill with whip.

Final Attributes:
 You were piously aligned.
 You had automatic searching.
 You had infravision.
 You were stealthy.
 You could walk on water.
 You were guarded.
 Your spell casting was impaired by metallic armor.
 You had reflection.
 You were lucky.
 You are dead.

Miscellaneous:
 You didn't encounter any bones levels.
 Total elapsed playing time was 31 minutes and 3 seconds.

Major events:
 Turn
    1: Fendoran the lawful male dwarven Archeologist entered the dungeon
 1644: stole 760 zorkmids worth of merchandise from Nallihan's used armor dealership
 1720: attained the rank of Field Worker (level 3)
 2543: killed by a pony

Spells:
 Name                 Level Category     Fail Retention
 light                  1   divination   100%  76%-100%

Skills:
 Fighting Skills
   bare handed combat [Unskilled]
   two weapon combat  [Unskilled]
   riding             [Unskilled]
 Weapon Skills
   dagger             [Unskilled]
   knife              [Unskilled]
   pick-axe           [Basic]
   short sword        [Unskilled]
   saber              [Unskilled]
   club               [Unskilled]
   quarterstaff       [Unskilled]
   sling              [Unskilled]
   dart               [Unskilled]
   boomerang          [Unskilled]
   whip               [Basic]
   unicorn horn       [Unskilled]
 Spellcasting Skills
   attack spells      [Unskilled]
   healing spells     [Unskilled]
   divination spells  [Unskilled]
   matter spells      [Unskilled]

Voluntary challenges:
 Character rerolling was not enabled.
 You never genocided any monsters.
 You never polymorphed an object.
 You never changed form.
 You used no wishes.
Achievements:
 You entered a shop.
 You attained the rank of Field Worker.

 The Dungeons of Doom: levels 1 to 4
    Level 1:
    Level 2:
    Level 3:
       An armor shop.
    Level 4: <- You were here.
       A general store.
       Final resting place for
          you, killed by a pony.


Vanquished creatures:
  a kobold mummy
  a kobold leader
  a giant bat
  2 Kop Sergeants
  a dwarf zombie
  a brown mold
  a yellow mold
  a green mold
  6 Keystone Kops
  3 geckos
  8 jackals
  a fox
  a kobold
  a goblin
  6 grid bugs
  4 lichens
  4 newts
43 creatures vanquished.

No species were genocided or became extinct.

Game over:
                       ----------
                      /          \
                     /    REST    \
                    /      IN      \
                   /     PEACE      \
                  /                  \
                  |     Fendoran     |
                  |     2592 Au      |
                  | killed by a pony |
                  |                  |
                  |                  |
                  |                  |
                  |       2026       |
                 *|     *  *  *      | *
        _________)/\\_//(\/(/\)/\//\/|_)_______

Goodbye Fendoran the Archeologist...

You died in The Dungeons of Doom on dungeon level 4 with 2937 points,
and 2592 pieces of gold, after 2543 moves.
You were level 5 with a maximum of 42 hit points when you died.

